 Dungeon Crawl Stone Soup version 0.31.0-11-ge490571c62 (webtiles) character file.

Game seed: 11961027519880644255

2913 arrururu the Grappler (level 9, -10/69 HPs)
             Began as a Merfolk Shapeshifter on Feb 3, 2024.
             Was an Elder of Wu Jian.
             Mangled by a catoblepas (23 damage)
             ... on level 8 of the Dungeon.
             The game lasted 00:22:10 (8380 turns).

arrururu the Grappler (Merfolk Shapeshifter)        Turns: 8380, Time: 00:22:10

Health: -10/69     AC:  6    Str: 19    XL:     9   Next: 78%
Magic:  9/9        EV: 15    Int:  9    God:    Wu Jian [****..]
Gold:   393        SH:  0    Dex: 13    Spells: 8/8 levels left

rFire   + .          .
                       - Unarmed
rCold   . . .        (no shield)
rNeg    . . .        B - +3 leather armour {rF+}
rPois   .            (helmet currently unavailable)
rElec   .            (cloak currently unavailable)
rCorr   .            (gloves currently unavailable)
SInv    .            (boots currently unavailable)
Will    .....        (no amulet)
Stlth   +            (no ring)
HPRegen 0.31/turn    (no ring)
MPRegen 0.11/turn

%: no passive effects
@: beast-form
A: beast (slay +2), (nimble swimmer 2), mertail
a: Begin Untransformation, Renounce Religion, Wall Jump, Serpent's Lash


You were on level 8 of the Dungeon.
You worshipped Wu Jian.
Wu Jian was greatly pleased with you.
You were a hulking beast.
You visited 2 branches of the dungeon, and saw 9 of its levels.

You collected 413 gold pieces.
You spent 20 gold pieces at shops.

Inventory:

Missiles
 i - 66 stones
 z - 23 poisoned darts
Armour
 a - a +0 animal skin
 h - a +0 leather armour
 o - a +1 helmet
 y - a +0 pair of gloves
 B - a +3 leather armour of fire resistance (worn)
Jewellery
 j - an amulet of faith
 p - the ring "Sabotuw" {*Corrode rPois Str+6 Int+3}
   (You found it on level 2 of the Dungeon)

   [ring of strength]

   Str+6:     It affects your strength (+6).
   Int+3:     It affects your intelligence (+3).
   rPois:     It protects you from poison *Corrode: It may corrode you when you
   take damage.
Talismans
 c - a beast talisman (active)
 d - a flux talisman
Wands
 q - a wand of polymorph (3)
 A - a wand of light (3)
Scrolls
 b - a scroll of revelation
 f - 3 scrolls of teleportation
 l - a scroll of enchant armour
 u - a scroll of silence
 v - 3 scrolls of amnesia
Potions
 e - a potion of curing
 g - a potion of enlightenment
 k - a potion of brilliance {unknown}
 m - 2 potions of mutation
 n - a potion of degeneration {unknown}
 r - a potion of ambrosia {unknown}
 s - a potion of invisibility {unknown}
 t - 2 potions of heal wounds {unknown}
 w - 2 potions of haste (quivered)


   Skills:
 * Level 5.7 Fighting
 - Level 0.1 Throwing
 * Level 9.3 Dodging
 + Level 11.4 Unarmed Combat
 - Level 0.1 Evocations
 - Level 4.0 Shapeshifting


You had 8 spell levels left.
You didn't know any spells.
Your spell library contained the following spells:

 Spells                   Type           Power      Damage    Failure   Level
 Hailstorm                Conj/Ice       0%         3d5       82%         3
 Ozocubu's Armour         Ice            0%         N/A       82%         3
 Summon Ice Beast         Ice/Summ       0%         N/A       82%         3
 Anguish                  Hex/Necr       0%         N/A       99%         4
 Cause Fear               Hex            0%         N/A       99%         4
 Metabolic Englaciation   Hex/Ice        0%         N/A       100%        5
 Sculpt Simulacrum        Ice/Alch       0%         N/A       100%        6
 Enfeeble                 Hex            0%         N/A       100%        7


Dungeon Overview and Level Annotations

Branches:
Dungeon (8/15)             Temple (1/1) D:4
   Lair: D:8-11

Altars:
Ashenzari
Elyvilon
Fedhas
Gozag
Hepliaklqana
Kikubaaqudgha
Makhleb
Okawaru
Qazlal
Ru
Sif Muna
Trog
Uskayaw
Vehumet
Wu Jian
Xom
Yredelemnul
The Shining One

Shops:
D:3 :   D:4 ?:!=


Innate Abilities, Weirdness & Mutations

You are a hulking beast.
Your limbs bulge with bestial killing power. (Slay +2)
((You are very nimble when in or above water. (Stealth+, EV+, Speed+++)))
Your lower body shifts to a powerful aquatic tail in water.


Message History

The catoblepas is moderately wounded.
The catoblepas breathes a plume of calcifying dust at you.
The blast of calcifying dust hits you but does no damage.
The catoblepas struggles against the net.
You hit the catoblepas. You punch the catoblepas.
The catoblepas is heavily wounded.
You are engulfed in calcifying dust.
You punch the catoblepas!
The catoblepas is severely wounded.
You are engulfed in calcifying dust.
You strike the helpless catoblepas from behind!
You pummel the catoblepas!!
The catoblepas is almost dead.
You are engulfed in calcifying dust.
The catoblepas breathes a plume of calcifying dust at you.
The blast of calcifying dust hits you.
The catoblepas struggles against the net.
The net rips apart, and the catoblepas comes free!
You spin and attack the catoblepas repeatedly.
You hit the catoblepas but do no damage.
The catoblepas is almost dead.
You hit the catoblepas but do no damage.
The catoblepas is almost dead.
You hit the catoblepas but do no damage.
The catoblepas is almost dead.
The catoblepas gores you!!
You spin and attack the catoblepas repeatedly.
You hit the catoblepas.
The catoblepas is almost dead.
You hit the catoblepas.
The catoblepas is almost dead.
The catoblepas gores you.
You hit the catoblepas but do no damage.
The catoblepas is almost dead.
The catoblepas gores you!
* * * LOW HITPOINT WARNING * * *
You hit the catoblepas but do no damage.
The catoblepas is almost dead.
The catoblepas gores you!!
You die...

K..# ._...###.##........###..#
).#### ....##.#. #.............#
.....##...# ....###.#...#......#
.#....)..####.#.....#.#.##.##...
...Y...#..##..#.....###....##..##
..#.....#.#.((....ยง.###....)...#
.......##...#..(...............
.......##...#...Y.<.......#....
..###..K..##....h.........#... ..
##..Y.###..............##
......(#....................##
.............................#
................##.....).>..##
..........###.####$.......###
..............$# #.#.#.#...#
..........c........#####...#
.........K .... ...#


You could see a catoblepas.

Vanquished Creatures
  Joseph (D:7)
  Eustachio (D:6)
  Duvessa (D:7)
  A black bear (D:6)
  2 ice beasts
  A sky beast (D:7)
  An orc warrior (D:8)
  4 centaurs
  5 kobold brigands
  A bullfrog (D:6)
  2 scorpions
  5 wights (D:7)
  Dowan (D:7)
  3 crimson imps (D:5)
  2 bombardier beetles (D:4)
  A jelly (D:6)
  2 hounds
  3 gnoll boudas
  An iguana (D:5)
  A sleepcap (D:3)
  2 orc wizards
  10 gnolls
  6 adders
  3 white imps
  2 dart slugs
  13 orcs
  3 ball pythons
  8 endoplasms
  A giant cockroach (D:2)
  8 goblins
  6 hobgoblins
  6 quokkas
  5 frilled lizards
  30 kobolds
  9 rats
151 creatures vanquished.

Vanquished Creatures (others)
  A crimson imp (D:5)
  A kobold (D:8)
2 creatures vanquished.

Grand Total: 153 creatures vanquished

Notes
Turn   | Place    | Note
-------+----------+-------------------------------------------
     0 | D:1      | arrururu the Merfolk Shapeshifter began the quest for the
                  | Orb.
     0 | D:1      | Reached XP level 1. HP: 15/15 MP: 1/1
   273 | D:1      | Reached XP level 2. HP: 21/21 MP: 2/2
   343 | D:1      | Reached skill level 4 in Unarmed Combat
   571 | D:2      | Reached XP level 3. HP: 26/26 MP: 3/3
   755 | D:2      | Found a faded altar of an unknown god.
   763 | D:2      | Prayed at the altar of an unknown god.
   763 | D:2      | Became a worshipper of the Wu Jian Council
   763 | D:2      | Reached * piety under Wu Jian
  1336 | D:2      | Identified the ring "Sabotuw" {*Corrode rPois Str+6 Int+3}
  1620 | D:3      | Reached skill level 5 in Unarmed Combat
  1654 | D:3      | Reached XP level 4. HP: 32/32 MP: 4/4
  1750 | D:3      | Reached ** piety under Wu Jian
  1923 | D:3      | Reached XP level 5. HP: 29/38 MP: 5/5
  2089 | D:3      | Found Dimemacw's Book Shoppe.
  2122 | D:4      | Found Abaazusch's Book Shop.
  2122 | D:4      | Found Xiad's Magic Scroll Shop.
  2122 | D:4      | Found Cuf Jei's Jewellery Shop.
  2127 | D:4      | Found Iruf Fei's Distillery.
  2393 | D:4      | Found a staircase to the Ecumenical Temple.
  2408 | Temple   | Entered the Ecumenical Temple
  2439 | D:4      | Reached skill level 6 in Unarmed Combat
  2474 | D:4      | Bought a scroll of identify for 20 gold pieces
  2599 | D:4      | Reached XP level 6. HP: 46/46 MP: 6/6
  2951 | D:5      | Entered Level 5 of the Dungeon
  2971 | D:4      | HP: 2/46 [poisoned by a scorpion]
  3285 | D:5      | Noticed an ice beast
  3392 | D:5      | Reached skill level 7 in Unarmed Combat
  3392 | D:5      | Reached XP level 7. HP: 31/52 MP: 7/7
  3573 | D:5      | Reached skill level 5 in Dodging
  3887 | D:5      | Found a white marble altar of Elyvilon.
  3887 | D:5      | Found a radiant altar of Vehumet.
  3893 | D:5      | Found a shimmering blue altar of Sif Muna.
  3895 | D:5      | Found a faded altar of an unknown god.
  3897 | D:5      | Found a faded altar of an unknown god.
  3941 | D:5      | Found an ancient bone altar of Kikubaaqudgha.
  4067 | D:5      | Found an iron altar of Okawaru.
  4153 | D:5      | Found a shimmering altar of Xom.
  4157 | D:5      | Reached *** piety under Wu Jian
  4181 | D:5      | Reached skill level 8 in Unarmed Combat
  4354 | D:6      | Reached XP level 8. HP: 30/60 MP: 8/8
  4937 | D:6      | Identified the +2 long sword "Fizusot" {distort, Fly rElec
                  | rN+ Str+4}
  5168 | D:6      | Reached skill level 9 in Unarmed Combat
  5458 | D:6      | Found a blossoming altar of Fedhas.
  5515 | D:6      | Noticed Eustachio
  5537 | D:6      | Killed Eustachio
  6323 | D:7      | Noticed Duvessa
  6324 | D:7      | Noticed Dowan
  6439 | D:7      | Found a sacrificial altar of Ru.
  6505 | D:7      | Reached XP level 9. HP: 60/67 MP: 9/9
  6696 | D:7      | Reached skill level 10 in Unarmed Combat
  6753 | D:7      | Reached skill level 5 in Fighting
  6787 | D:7      | Killed Dowan
  6962 | D:7      | Killed Duvessa
  7034 | D:7      | Reached **** piety under Wu Jian
  7525 | D:7      | Noticed Joseph
  7537 | D:7      | Killed Joseph
  7538 | D:7      | Reached skill level 11 in Unarmed Combat
  8028 | D:8      | Found a broken altar of Ashenzari.
  8069 | D:8      | Found a bloodstained altar of Trog.
  8190 | D:8      | Noticed a catoblepas
  8380 | D:8      | Mangled by a catoblepas

Illustrated notes

Levels and vault maps discovered:
D:1:      lemuel_arrival_behind_the_door_large, layout_rooms
D:2:      layout_loops_corners, basic_ecumenical_altar
D:3:      layout_rooms, serial_glass, glass_columns_b, glass_columns_a,
          serial_shops, shop, minmay_starry_boxes
D:4:      layout_rooms, temple_green, minmay_shop_grid_forest
D:5:      layout_cave_pools, pf_just_have_faith,
          hellmonk_okawaru_the_only_friend_you_need, led_xom_imps,
          chequers_temple_overflow_minitemple
D:6:      layout_basic, lemuel_crystal_altar, minmay_misc_feat_x, uniq_eustachio
D:7:      layout_basic, mainiacjoe_overflow_catwalk, uniq_joseph, uniq_duvessa
D:8:      layout_cave_pools, trog_butcher_becter, ashenzari_conservatory_becter
Temple:   pf_temple_reverse_labyrinth

Skill      XL: |  1  2  3  4  5  6  7  8  9 |
---------------+----------------------------+-----
Unarmed Combat | 4 5 6 7 8 9 11 | 11.4
Dodging        | 3 4 5 7 9 |  9.3
Fighting       | 2 3 4 5 |  5.7
Throwing       | |  0.1
Evocations     | |  0.1
Shapeshifting  | |  4.0

Action                     |  1- 3 |  4- 6 |  7- 9 || total
---------------------------+-------+-------+-------++-------
  Melee: Unarmed           |    95 |   104 |   322 ||   521
         Punch             |     3 |     4 |    15 ||    22
         Tailslap          |       |       |     3 ||     3
  Throw: Stone             |       |       |    11 ||    11
         Dart              |       |       |     9 ||     9
         Throwing net      |       |       |     1 ||     1
Ability: Lunge             |     9 |    13 |    29 ||    51
         Whirlwind         |       |     1 |    28 ||    29
  Evoke: Wand              |       |       |     3 ||     3
    Use: Scroll            |       |     8 |     5 ||    13
         Potion            |       |     1 |     1 ||     2
   Stab: Sleeping          |     2 |     1 |       ||     3
         Held in net/web   |       |       |     2 ||     2
 Armour: Animal skin       |     6 |       |       ||     6
         Leather armour    |    27 |    41 |   176 ||   244
         Skin              |       |     2 |       ||     2
  Dodge: Dodged            |    44 |    47 |   190 ||   281
   Form: Beast             |       |       |     1 ||     1
